 Dungeon Crawl Stone Soup version 0.27-a0-1299-g1ab19c6527 (webtiles) character file.

Game seed: 14040397381763341607

40 mordus the Shield-Bearer (level 3, -5/29 HPs)
             Began as a Formicid Fighter on June 16, 2021.
             Killed by divine providence
             ... invoked by an orc priest
              (9 damage)
             ... on level 3 of the Dungeon.
             The game lasted 00:02:10 (2186 turns).

mordus the Shield-Bearer (Formicid Fighter)         Turns: 2186, Time: 00:02:10

Health: -5/29      AC:  7    Str: 21    XL:     3   Next: 72%
Magic:  3/3        EV:  8    Int:  7    God:
Gold:   72         SH:  9    Dex: 10    Spells: 2/2 levels left

rFire    . . .     SeeInvis +   a - +0 long sword
rCold    . . .     Faith    .   c - +0 kite shield
rNeg     . . .     Spirit   .   b - +0 scale mail
rPois    .         Reflect  .   (helmet unavailable)
rElec    .         Harm     .   (no cloak)
rCorr    .         Rampage  .   (no gloves)
Will     .....                  (no boots)
Stlth    ..........             (no amulet)
HPRegen  0.09/turn              (no ring)
MPRegen  0.08/turn              (no ring)

@: no status effects
A: permanent stasis, dig shafts and tunnels, antennae 3, four strong arms
a: Dig, Shaft Self


You were on level 3 of the Dungeon.
You visited 1 branch of the dungeon, and saw 3 of its levels.

You collected 72 gold pieces.

Inventory:

Hand Weapons
 a - a +0 long sword (weapon)
Armour
 b - a +0 scale mail (worn)
 c - a +0 kite shield (worn)
 n - a +0 chain mail
Scrolls
 e - a scroll of enchant weapon {unknown}
 f - a scroll of fog {unknown}
 g - a scroll of acquirement {unknown}
Potions
 d - 2 potions of might
 h - a potion of resistance {unknown}
 i - 3 potions of curing {unknown}
 j - 2 potions of lignification {unknown}
 k - a potion of haste {unknown}
 l - a potion of flight {unknown}
 m - a potion of attraction {unknown}


   Skills:
 - Level 3.2 Fighting
 * Level 3.0 Long Blades
 + Level 3.7 Armour
 + Level 4.1 Shields


You had 2 spell levels left.
You didn't know any spells.
Your spell library was empty.

Dungeon Overview and Level Annotations

Branches:
Dungeon (3/15)

Altars:
Sif Muna


Innate Abilities, Weirdness & Mutations

You cannot be hasted, slowed, berserked, paralysed or teleported.
You can dig through walls and to a lower floor.
You have a pair of large antennae on your head. (SInv)
Your four strong arms can wield two-handed weapons with a shield.


Message History

a hobgoblin corpse; an adder corpse No target in view!
Found a stone staircase leading up.
No target in view!
No target in view!
No target in view!
No target in view!
Found a robe.
No target in view!
You sense a monster nearby.
You sense a monster nearby.
No target in view!
You sense a monster nearby.
No target in view!
Key pressed, stopping explore.
No target in view!
A worm, 2 orcs and an orc priest come into view.
The orc shouts! x2; The orc priest shouts!
You hear a shout! x2
A bat comes into view.
You block the bat's attack.
You hit the bat.
You kill the bat!
The orc priest invokes the aid of Beogh against you.
Beogh smites you!
There are monsters nearby!
An orc priest comes into view. It is wielding a +0 mace.
The orc priest shouts!
You see here a bat corpse.
There are monsters nearby!
You hit the orc priest.
The orc priest is lightly wounded.
The orc priest barely misses you.
An orc wizard comes into view. It is wielding a +0 dagger.
The orc priest calls down the wrath of Beogh upon you.
Beogh smites you!
* * * LOW HITPOINT WARNING * * *
You block the orc priest's attack.
The orc wizard moves out of view.
The orc priest mumbles some strange prayers to Beogh against you.
Beogh smites you!
You die...

##.#############
#.......#
#..####.#####
#..# #....[#
#..# #.....#
#..# #.....#
#..# #...<.#
#..# #.....#
#..# #.@...#
#o....#
.....wo.....#
#.#.o.#.....#
#...#....^# #..
####### #o. #.{
#.


You could see a worm, 2 orc priests and 2 orcs.

Vanquished Creatures
  An adder (D:3)
  A dart slug (D:1)
  2 ball pythons
  3 bats
  2 endoplasms (D:1)
  A giant cockroach (D:1)
  4 goblins
  2 hobgoblins
  2 jackals (D:2)
  4 kobolds
  2 frilled lizards
  3 rats
27 creatures vanquished.

Notes
Turn   | Place    | Note
-------+----------+-------------------------------------------
     0 | D:1      | mordus the Formicid Fighter began the quest for the Orb.
     0 | D:1      | Reached XP level 1. HP: 18/18 MP: 1/1
    80 | D:1      | Found a shimmering blue altar of Sif Muna.
   216 | D:1      | Reached XP level 2. HP: 8/24 MP: 2/2
  1628 | D:2      | Found a faded altar of an unknown god.
  1635 | D:2      | Reached XP level 3. HP: 29/29 MP: 3/3
  1664 | D:2      | Reached skill level 4 in Shields
  2186 | D:3      | Killed from afar by an orc priest

Illustrated notes

Levels and vault maps discovered:
D:1:      co_arrival_random_square_maze, layout_basic, kennysheep_flooded_box,
          corexii_corridor_pit
D:2:      layout_basic, hellmonk_ecumenical_altar_run_dry
D:3:      layout_basic, nicolae_overflow_hidden_temple

Skill      XL: |  1  2  3 |
---------------+----------+-----
Shields        | 4 |  4.1
Long Blades    | 3 |  3.0
Fighting       | |  3.2
Armour         | |  3.7

Action                   || total
-------------------------++-------
Melee: Long sword        ||   101
Armor: Scale mail        ||    36
Dodge: Dodged            ||    47
Block: Kite shield       ||    54
       Rpst.: Long sword ||     9

Table legend: (Time is in decaauts)
 A = Elapsed time spent in this place.
 B = Non-inter-level travel time spent in this place.
 C = Inter-level travel time spent in this place.
 D = Time resting spent in this place.
 E = Time spent auto-exploring this place.
 F = Levels seen in this place.
 G = Mean time per level.
                   A        B        C        D        E       F      G
               +--------+--------+--------+--------+--------+-----+--------+
         Total |   2229 |   2145 |     84 |    295 |   1549 |   3 |  743.0 |
       Dungeon |   2229 |   2145 |     84 |    295 |   1549 |   3 |  743.0 |
               +--------+--------+--------+--------+--------+-----+--------+

Top non-repeatable levels by time:
     D:1: 1498 daAuts
     D:2: 444 daAuts
     D:3: 287 daAuts
